 Dungeon Crawl Stone Soup version 0.26-a0-576-gcfaa98f945 (webtiles) character file.

Game seed: 6550595705978537578

12338 GeoCrane the Tainter (level 12, -23/74 HPs)
             Began as a Formicid Venom Mage on Aug 22, 2020.
             Was an Elder of Sif Muna.
             Annihilated by a very large slime creature (49 damage)
             ... on level 12 of the Dungeon.
             The game lasted 02:08:59 (20342 turns).

GeoCrane the Tainter (Formicid Venom Mage)         Turns: 20342, Time: 02:09:00

Health: -23/74     AC: 21    Str: 13    XL:     12   Next: 19%
Magic:  9/22       EV: 11    Int: 20    God:    Sif Muna [****..]
Gold:   875        SH:  5    Dex: 11    Spells: 15/25 levels left

rFire    . . .     SeeInvis +   e - +3 dagger (speed)
rCold    . . .     Faith    .   (no shield)
rNeg     . . .     Spirit   .   z - +2 swamp dragon scales
rPois    +         Reflect  +   (helmet unavailable)
rElec    .         Harm     .   (no cloak)
rCorr    .                      M - +2 pair of gloves
MR       +....                  r - +0 pair of boots
Stlth    ++........             n - amulet of reflection
HPRegen  0.22/turn              d - +4 ring of protection
MPRegen  0.18/turn              (no ring)

@: lightly drained
A: permanent stasis, dig shafts and tunnels, four strong arms, antennae 3
a: Dig, Shaft Self, Channel Magic, Forget Spell, Divine Exegesis, Renounce
Religion


You were on level 12 of the Dungeon.
You worshipped Sif Muna.
Sif Muna was greatly pleased with you.
You visited 3 branches of the dungeon, and saw 15 of its levels.

You collected 875 gold pieces.

Inventory:

Hand Weapons
 b - a +0 short sword
 e - a +3 dagger of speed (weapon)
 y - a +1 falchion of holy wrath
 A - a +0 scimitar
Missiles
 x - 4 throwing nets (quivered)
 O - 2 atropa-tipped darts
Armour
 a - a +0 robe
 i - a +0 robe of cold resistance
 j - a +0 animal skin
 r - a +0 pair of boots (worn)
 w - the +1 leather armour of Fyaph {+Inv Dex+2}
   (You found it on level 6 of the Dungeon)

   It affects your dexterity (+2).
   It lets you turn invisible.
 z - +2 swamp dragon scales (worn)
 M - a +2 pair of gloves (worn)
Jewellery
 d - a +4 ring of protection (left hand)
 n - an amulet of reflection (around neck)
 C - an uncursed amulet of magic regeneration
Wands
 h - a wand of enslavement (10)
 m - a wand of paralysis (7)
 o - a wand of flame (17)
 B - a wand of polymorph (5)
 J - a wand of disintegration (13)
 K - a wand of iceblast (26)
Scrolls
 c - 7 scrolls of teleportation
 f - 2 scrolls of random uselessness
 g - a scroll of noise
 k - 11 scrolls of identify
 t - 2 scrolls of remove curse
 v - 2 scrolls of fog {unknown}
 G - a scroll of immolation {unknown}
 H - 3 scrolls of magic mapping {unknown}
 I - a scroll of holy word {unknown}
 N - a scroll of acquirement {unknown}
 Q - a scroll of fear {unknown}
Potions
 l - 2 potions of curing
 p - 3 potions of might {unknown}
 q - a potion of magic {unknown}
 s - a potion of haste {unknown}
 u - 5 potions of stabbing {unknown}
 D - 4 potions of degeneration {unknown}
 E - 3 potions of lignification {unknown}
 F - 2 potions of cancellation {unknown}
 P - a potion of invisibility {unknown}
 R - a potion of mutation {unknown}
Miscellaneous
 L - a phial of floods (inert)


   Skills:
 - Level 10.0(9.9) Short Blades
 + Level 10.4(10.3) Armour
 - Level 1.7 Dodging
 - Level 5.0(4.9) Stealth
 + Level 7.0 Spellcasting
 - Level 1.1(1.0) Transmutations
 * Level 12.6 Poison Magic
 - Level 0.9(0.8) Invocations
 + Level 3.6(3.5) Evocations


You had 15 spell levels left.
You knew the following spells:

 Your Spells              Type           Power        Failure   Level
a - Sting                 Tmut/Pois      ####         1%          1
b - Poisonous Vapours     Pois/Air       ####..       1%          2
c - Mephitic Cloud        Conj/Pois/Air  ###.....     9%          3
d - Olgreb's Toxic Radia  Pois           ######..     1%          4

Your spell library contained the following spells:

 Spells                   Type           Power        Failure   Level
 Spider Form              Tmut/Pois      ####......   3%          3
 Ignite Poison            Fire/Tmut/Pois ####....     8%          3
 Wereblood                Tmut           ##......     17%         2
 Ice Form                 Ice/Tmut       #.......     80%         4
 Agony                    Necr           #.......     99%         5
 Excruciating Wounds      Necr           #.........   99%         5
 Metabolic Englaciation   Hex/Ice        #.........   99%         5
 Freezing Cloud           Conj/Ice/Air   #.........   100%        6
 Ozocubu's Refrigeration  Ice            #.........   100%        6
 Simulacrum               Ice/Necr       #.........   100%        6


Dungeon Overview and Level Annotations

Branches:
Dungeon (12/15)            Temple (1/1) D:4            Lair (2/6) D:10
  Swamp: Lair:2-4    Shoals: Lair:2-4     Snake: Lair:2-4    Spider: Lair:2-4
    Orc: D:9-12

Altars:
Ashenzari
Cheibriados
Dithmenos
Elyvilon
Fedhas
Gozag
Hepliaklqana
Kikubaaqudgha
Makhleb
Nemelex Xobeh
Okawaru
Qazlal
Ru
Sif Muna
Trog
Uskayaw
Vehumet
Wu Jian
Xom
Yredelemnul
Zin
The Shining One

Shops:
D:8 *   D:10 !


Innate Abilities, Weirdness & Mutations

You cannot be hasted, slowed, berserked, paralysed or teleported.
You can dig through walls and to a lower floor.
Your four strong arms can wield two-handed weapons with a shield.
You have a pair of large antennae on your head. (SInv)


Message History

You hit the very large slime creature.
The very large slime creature is moderately wounded.
You block the very large slime creature's attack.
You hit the very large slime creature.
The very large slime creature is moderately wounded.
You hit the very large slime creature.
The very large slime creature is heavily wounded.
The orc priest invokes the aid of Beogh against you.
Beogh smites you!
* * * LOW HITPOINT WARNING * * *
You barely miss the very large slime creature.
The very large slime creature is heavily wounded.
You block the very large slime creature's attack.
You barely miss the very large slime creature.
The very large slime creature is heavily wounded.
You barely miss the very large slime creature.
The very large slime creature is heavily wounded.
The very large slime creature hits you!!!
Ouch! That really hurt!
You die...

#### #..##
##..# ... ##@##
... ##J## {.#
#o.## ..##
##..## J).####
### ##..###
Z.)(... #.##
##.o.###.......
##.## ##.....)#
##.## #....###
##.####....#


You could see a very large slime creature, an orc priest and an orc.

Vanquished Creatures
  A hydra (D:11)
  2 unseen horrors (D:11)
  Pikel (D:3)
  Maurice (D:8)
  Joseph (D:8)
  2 gargoyles
  Maggie (D:7)
  A troll (D:10)
  Grinder (D:4)
  Prince Ribbit (D:8)
  A slime creature (D:12)
  2 hippogriffs
  Grum (D:8)
  2 hell hounds (Lair:1)
  A water moccasin (Lair:1)
  4 orc warriors
  A porcupine (Lair:1)
  2 ice beasts
  A sky beast (D:6)
  A black bear (D:8)
  2 necrophages
  10 ogres
  A phantom (D:8)
  3 wolves (D:8)
  5 centaurs
  2 lemures
  4 crocodiles
  2 big kobolds
  7 bullfrogs
  23 killer bees
  11 wights
  A howler monkey (D:5)
  A centaur zombie (D:11)
  3 quasits
  3 bullfrog zombies
  2 bullfrog skeletons
  4 hounds
  5 orc priests
  3 centaur skeletons
  2 jellies
  Jessica (D:2)
  3 iguanas
  14 orc wizards
  12 worker ants
  Terence (D:2)
  A hound zombie (D:11)
  A hound skeleton (D:4)
  2 worker ant zombies
  Robin (D:2)
  18 adders
  4 gnolls
  6 shadow imps
  A white imp (D:7)
  An ufetubus (D:7)
  2 adder skeletons
  3 worms
  4 dart slugs
  4 leopard geckos
  40 orcs
  3 ball pythons
  5 giant cockroaches
  18 goblins
  8 hobgoblins
  7 jackals
  3 quokkas
  8 bats
  2 frilled lizards
  13 kobolds
  A leopard gecko skeleton (D:7)
  A quokka skeleton (D:9)
  11 rats
321 creatures vanquished.

Vanquished Creatures (others)
  A plant (Lair:2)
1 creature vanquished.

Grand Total: 322 creatures vanquished

Notes
Turn   | Place    | Note
-------+----------+-------------------------------------------
     0 | D:1      | GeoCrane the Formicid Venom Mage began the quest for the
                  | Orb.
     0 | D:1      | Reached XP level 1. HP: 13/13 MP: 3/3
   698 | D:1      | You fall into a shaft and drop 1 floor!
   748 | D:2      | Reached XP level 2. HP: 13/19 MP: 5/5
   752 | D:2      | Learned a level 2 spell: Poisonous Vapours
   867 | D:2      | Noticed an ice beast
  1194 | D:1      | Reached XP level 3. HP: 24/24 MP: 3/6
  1467 | D:1      | Reached skill level 5 in Poison Magic
  1989 | D:2      | Noticed Terence
  2019 | D:2      | Killed Terence
  2019 | D:2      | Reached XP level 4. HP: 28/30 MP: 1/8
  2116 | D:2      | Noticed Jessica
  2118 | D:2      | Killed Jessica
  2430 | D:2      | Killed an ice beast
  2430 | D:2      | Reached skill level 6 in Poison Magic
  2430 | D:2      | Reached XP level 5. HP: 16/35 MP: 7/10
  2602 | D:2      | Learned a level 3 spell: Mephitic Cloud
  2647 | D:2      | Noticed Robin
  2678 | D:1      | Reached XP level 6. HP: 41/41 MP: 8/11
  2730 | D:2      | Killed Robin
  4235 | D:4      | Noticed Grinder
  4896 | D:4      | Noticed an orc warrior
  4985 | D:3      | Killed an orc warrior
  4985 | D:3      | Reached skill level 1 in Armour
  4985 | D:3      | Reached skill level 7 in Poison Magic
  4985 | D:3      | Reached XP level 7. HP: 28/46 MP: 8/12
  5305 | D:4      | Reached skill level 5 in Stealth
  5425 | D:4      | Found a staircase to the Ecumenical Temple.
  5454 | Temple   | Entered the Ecumenical Temple
  5776 | Temple   | Became a worshipper of Sif Muna the Loreminder
  5936 | D:4      | Killed Grinder
  5936 | D:4      | Reached skill level 8 in Poison Magic
  5942 | D:4      | Found an iron altar of Okawaru.
  5947 | D:4      | Noticed Pikel
  6188 | D:3      | Reached XP level 8. HP: 52/52 MP: 9/14
  6424 | D:3      | Killed Pikel
  6424 | D:3      | Reached skill level 5 in Spellcasting
  6424 | D:3      | Reached skill level 9 in Poison Magic
  6653 | D:4      | Found a burning altar of Makhleb.
  6761 | D:5      | Entered Level 5 of the Dungeon
  7491 | D:5      | Reached skill level 10 in Poison Magic
  7745 | D:5      | Reached * piety under Sif Muna
  7782 | D:5      | Reached XP level 9. HP: 57/57 MP: 9/17
  8382 | D:6      | Reached skill level 5 in Armour
  8640 | D:6      | Reached skill level 11 in Poison Magic
  8707 | D:6      | Got an agate-studded leather armour
  8733 | D:5      | Identified the cursed +1 leather armour of Fyaph {+Inv
                  | Dex+2} (You found it on level 6 of the Dungeon)
  8878 | D:6      | Learned a level 4 spell: Olgreb's Toxic Radiance
  8899 | D:6      | Found a glowing golden altar of the Shining One.
  9140 | D:7      | Reached skill level 1 in Short Blades
  9452 | D:7      | Found a shadowy altar of Dithmenos.
  9633 | D:7      | Noticed Maggie
  9644 | D:7      | Killed Maggie
  9807 | D:7      | Reached XP level 10. HP: 43/63 MP: 8/19
  9925 | D:7      | Reached ** piety under Sif Muna
 10138 | D:7      | Reached skill level 5 in Short Blades
 11426 | D:8      | Noticed Maurice
 11449 | D:8      | Killed Maurice
 11450 | D:8      | Noticed Prince Ribbit
 11481 | D:8      | Killed Prince Ribbit
 11561 | D:8      | Found a glowing silver altar of Zin.
 12147 | D:8      | Noticed Joseph
 12166 | D:8      | Reached *** piety under Sif Muna
 12179 | D:8      | Killed Joseph
 12771 | D:9      | Found a basalt altar of Yredelemnul.
 12803 | D:9      | Reached XP level 11. HP: 65/68 MP: 15/20
 13281 | D:10     | Entered Level 10 of the Dungeon
 13594 | D:10     | HP: 3/67 [gargoyle/stone arrow (8)]
 14173 | D:10     | Found a staircase to the Lair.
 14212 | Lair:1   | Entered Level 1 of the Lair of Beasts
 14519 | Lair:1   | Reached **** piety under Sif Muna
 14719 | Lair:1   | Noticed a four-headed hydra
 14806 | D:11     | Noticed an unseen horror
 14806 | D:11     | Noticed an unseen horror
 14813 | D:11     | Killed an unseen horror
 14813 | D:11     | Killed an unseen horror
 14836 | D:11     | Reached skill level 10 in Short Blades
 15518 | D:11     | Reached skill level 1 in Evocations
 16356 | D:11     | Killed a four-headed hydra
 16492 | D:10     | Found Yga Aly's Distillery.
 16495 | D:10     | Reached skill level 10 in Armour
 17544 | Lair:1   | Reached skill level 12 in Poison Magic
 17894 | Lair:2   | Noticed an eight-headed hydra
 18519 | D:8      | Noticed Grum
 18525 | D:8      | Reached XP level 12. HP: 70/74 MP: 13/22
 18532 | D:8      | Killed Grum
 18602 | D:8      | Found Jeottainn's Serpentskin Sales.
 18603 | D:8      | Reached ***** piety under Sif Muna
 18606 | D:8      | Identified Cigotuvi's Collected Works on Unstable Unholy
                  | Secrets (Sif Muna gifted it to you on level 8 of the
                  | Dungeon)
 18606 | D:8      | Received a gift from Sif Muna
 19782 | D:11     | HP: 2/74 [vampire (5)]
 19810 | D:11     | HP: 3/74 [vampire/vampiric draining (10)]
 20342 | D:12     | Annihilated by a very large slime creature

Illustrated notes

Levels and vault maps discovered:
D:1:      co_arrival_square_in_a_square_in_a_square, layout_loops_ring,
          minmay_distorted
D:2:      layout_rooms, uniq_jessica, uniq_terence, uniq_robin
D:3:      layout_loops_ring
D:4:      layout_rooms, old_standard_altar, okawaru_ov_weapons_minmay,
          temple_pool_b, nicolae_ossuary_entry_false_entrances, uniq_grinder,
          uniq_pikel
D:5:      layout_basic
D:6:      layout_rooms, lemuel_doored_altar
D:7:      layout_basic, grunt_dithmenos_smoke, uniq_maggie
D:8:      layout_layer_cave, lemuel_crystal_altar, guppyfry_shop_venom,
          uniq_prince_ribbit1, uniq_maurice, uniq_grum, uniq_joseph
D:9:      layout_gridville, yredelemnul_altar_generic
D:10:     layout_basic, lair_entry_dummy, serial_shops, shop
D:11:     layout_small_grid
D:12:     layout_layer_cave, zombieorc1_lemuel
Temple:   bh_familiar_temple
Lair:1:   layout_chaotic_city, enter_volcano_3, chequers_serial_rivers_room_b
Lair:2:   layout_long_grid, nicolae_swamp_entry_splash_gauntlet,
          serial_bayou_pond_a, minmay_lair_oklob_chamber, lemuel_fruit_fields

Skill      XL: |  1  2  3  4  5  6  7  8  9 10 11 12 |
---------------+-------------------------------------+-----
Stealth        | 3 4 5 |  5.0
Poison Magic   | 5 6 7 8 10 11 12 | 12.6
Spellcasting   | 3 4 5 6 7 |  7.0
Armour         | 1 2 4 6 8 10 | 10.4
Short Blades   | 4 8 10 | 10.0
Evocations     | 2 3 |  3.6
Dodging        | |  1.7
Transmutations | |  1.1
Invocations    | |  0.9

Action                   |  1- 3 |  4- 6 |  7- 9 | 10-12 || total
-------------------------+-------+-------+-------+-------++-------
Melee: Short sword       |    34 |       |       |       ||    34
       Dagger            |       |       |    70 |  1086 ||  1156
 Cast: Sting             |    35 |    50 |   120 |    46 ||   251
       Poisonous Vapours |     6 |    33 |   105 |   173 ||   317
       Mephitic Cloud    |       |       |     3 |     4 ||     7
       Olgreb's Toxic Ra |       |       |     2 |    20 ||    22
 Abil: Dig               |     3 |     1 |       |     2 ||     6
       Shaft Self        |     1 |       |       |       ||     1
       Evoke Invisibilit |       |       |     1 |       ||     1
Evoke: Wand              |       |       |    11 |    18 ||    29
       Phial of floods   |       |       |       |     1 ||     1
  Use: Scroll            |       |     6 |     1 |       ||     7
       Potion            |       |       |       |    10 ||    10
 Stab: Sleeping          |       |       |     1 |     1 ||     2
Armor: Robe              |    24 |    10 |    25 |       ||    59
       Leather armour    |       |       |    10 |       ||    10
       Swamp dragon scal |       |       |       |   377 ||   377
Dodge: Dodged            |    52 |    11 |    89 |   353 ||   505
Block: Other             |       |       |       |    72 ||    72
       Reflection        |       |       |       |     3 ||     3

Table legend: (Time is in decaauts)
 A = Elapsed time spent in this place.
 B = Non-inter-level travel time spent in this place.
 C = Inter-level travel time spent in this place.
 D = Time resting spent in this place.
 E = Time spent auto-exploring this place.
 F = Levels seen in this place.
 G = Mean time per level.
                   A        B        C        D        E       F      G
               +--------+--------+--------+--------+--------+-----+--------+
         Total |  19682 |  18516 |   1166 |   5645 |   8459 |  15 | 1312.1 |
       Dungeon |  18269 |  17232 |   1037 |   5645 |   7505 |  12 | 1522.4 |
        Temple |    340 |    305 |     35 |      0 |    147 |   1 |  340.0 |
          Lair |   1072 |    978 |     94 |      0 |    807 |   2 |  536.0 |
               +--------+--------+--------+--------+--------+-----+--------+

Top non-repeatable levels by time:
     D:3: 2512 daAuts
     D:8: 1943 daAuts
    D:10: 1884 daAuts
    D:11: 1875 daAuts
     D:1: 1848 daAuts
     D:5: 1684 daAuts
     D:7: 1502 daAuts
     D:6: 1337 daAuts
     D:2: 1329 daAuts
     D:4: 1101 daAuts
  Lair:1: 993 daAuts
     D:9: 758 daAuts
    D:12: 492 daAuts
  Temple: 340 daAuts
  Lair:2: 79 daAuts
